 Dungeon Crawl Stone Soup version 0.29-a0-668-g12ee2bf84d (webtiles) character file.

Game seed: 10013611260913028373

455 testman the Insei (level 7, -5/47 HPs)
             Began as an Octopode Transmuter on June 23, 2022.
             Was a Believer of Wu Jian.
             Slain by Foxy's ghost (12 damage)
             ... on level 4 of the Dungeon.
             The game lasted 00:15:00 (4229 turns).

testman the Insei (Octopode Transmuter)             Turns: 4229, Time: 00:15:01

Health: -5/47      AC:  1    Str:  9    XL:     7   Next: 5%
Magic:  8/10       EV: 13    Int: 18    God:    Wu Jian [**....]
Gold:   188        SH:  0    Dex: 12    Spells: 4/10 levels left

rFire   . . .      SeeInvis .     - Unarmed
rCold   . . .      Faith    .   (no shield)
rNeg    . . .      Spirit   .   (helmet currently unavailable)
rPois   .          Reflect  .   (no amulet)
rElec   .          Harm     .   (no ring)
rCorr   .          Rampage  .   (no ring)
Will    .....                   (no ring)
Stlth   ++........              (no ring)
HPRegen 0.00/turn               (no ring)
MPRegen 0.12/turn               (no ring)
                                (no ring)
                                (no ring)

@: appendages, sick
A: tentacle spike 3, almost no armour, amphibious, 8 rings, camouflage 1,
gelatinous body 1, (nimble swimmer 1), tentacles
a: End Transformation, Renounce Religion, Wall Jump


You were on level 4 of the Dungeon.
You worshipped Wu Jian.
Wu Jian was pleased with you.
One of your tentacles had grown a beastly spike.
You visited 1 branch of the dungeon, and saw 4 of its levels.

You collected 233 gold pieces.
You spent 45 gold pieces at shops.

Inventory:

Missiles
 l - 2 poisoned darts
Wands
 i - a wand of iceblast (6)
Scrolls
 b - 3 scrolls of teleportation {unknown}
 c - 3 scrolls of identify {unknown}
 e - a scroll of noise {unknown}
 f - 2 scrolls of fear
 g - 3 scrolls of summoning {unknown}
Potions
 a - a potion of lignification
 d - 4 potions of degeneration {unknown}
 h - a potion of brilliance {unknown}
 j - 2 potions of berserk rage {unknown}
 k - a potion of attraction {unknown}
 m - a potion of heal wounds {unknown}
 n - 2 potions of mutation {unknown}


   Skills:
 + Level 3.7 Fighting
 - Level 2.0 Dodging
 + Level 4.4 Unarmed Combat
 - Level 2.0 Spellcasting
 - Level 4.0 Transmutations
 - Level 4.0 Poison Magic


You had 4 spell levels left.
You knew the following spells:

 Your Spells              Type           Power      Damage    Failure   Level
a - Beastly Appendage     Tmut           32%        N/A       3%          1
b - Wereblood             Tmut           16%        N/A       5%          2
c - Spider Form           Tmut/Pois      16%        N/A       11%         3

Your spell library contained the following spells:

 Spells                   Type           Power      Damage    Failure   Level
 Passwall                 Tmut/Erth      7%         N/A       12%         2
 Foxfire                  Conj/Fire      4%         2x1d4     19%         1
 Sandblast                Erth           2%         2d4       19%         1
 Static Discharge         Conj/Air       1%         N/A       26%         2
 Conjure Flame            Conj/Fire      1%         6-21      47%         3
 Inner Flame              Hex/Fire       1%         N/A       47%         3
 Stone Arrow              Conj/Erth      2%         3d7       47%         3
 Ice Form                 Ice/Tmut       9%         N/A       61%         4
 Dispel Undead            Necr           1%         3d6       87%         4
 Flame Wave               Conj/Fire      1%         2d4       87%         4
 Sticky Flame             Conj/Fire      1%         2d3       87%         4
 Summon Lightning Spire   Summ/Air       1%         N/A       87%         4
 Storm Form               Tmut/Air       4%         N/A       100%        7
 Maxwell's Capacitive Co  Air            0%         ∞         100%        8


Dungeon Overview and Level Annotations

Branches:
Dungeon (4/15)
 Temple: D:4-7

Altars:
Kikubaaqudgha
Wu Jian
The Shining One

Shops:
D:1 ?   D:2 :=:(

Portals:
Abyss: D:4

Annotations:
D:4 1 transporter, Foxy's ghost, amateur TrNe


Innate Abilities, Weirdness & Mutations

One of your tentacles has grown a beastly spike.
You cannot wear most types of armour.
You are amphibious.
You can wear up to eight rings at the same time.
Your skin changes colour to match your surroundings (Stealth+).
Your rubbery body absorbs attacks. (AC +1, EV +1)
((You are camouflaged when in or above water. (Stealth+)))
You have tentacles for arms and can constrict up to eight enemies at once.


Message History

The ancient zyme blinks!
The small abomination blinks!
You blink.
The small abomination hits you!
You tentacle-slap the small abomination.
You squeeze the small abomination.
The small abomination is moderately damaged.
The small abomination misses you.
Foxy's ghost says, "Death will always conquer life."
You tentacle-slap the kobold. You grab the kobold.
The kobold is severely wounded.
You constrict the kobold, but do no damage.
The small abomination barely misses you.
The kobold barely misses you.
You tentacle-slap the kobold.
You kill the kobold!
The Council accepts your kill.
You tentacle-slap the small abomination.
You pierce the small abomination.
The small abomination is heavily damaged.
The small abomination closely misses you.
You tentacle-slap the small abomination but do no damage.
Your tentacle spike misses the small abomination.
You squeeze the small abomination.
The small abomination is heavily damaged.
The small abomination hits you!
Your magical contamination has completely faded away.
You tentacle-slap Foxy's ghost.
Your tentacle spike misses Foxy's ghost.
Foxy's ghost is lightly damaged.
Foxy's ghost hits you.
You feel ill. The small abomination misses you.
You barely miss Foxy's ghost.
Foxy's ghost is lightly damaged.
Foxy's ghost hits you!
* * * LOW HITPOINT WARNING * * *
x2 The small abomination hits you.
* * * LOW HITPOINT WARNING * * *
You tentacle-slap the small abomination.
Your squeeze misses the small abomination.
The small abomination is severely damaged.
Foxy's ghost hits you!
You die...

#######....# ##
#..........# ###### #.
####..####....####....# #.
#.....................# #.
#.....................####.
#.....###..###...........#.
#....##.####?##.###....>...
#....#.#.##.∩.###.#......#.
#....#.#.W@###. #©#......##
#...##.#$.x# ###.##......##
#..##.#.###5..#x.#.....#...
#..##..?#.##.#..##.....#...
#...##.##.§#...##....#.....
#....###..##..©#.....###...
#.....©...#.##.#...........
#........####^.###...###...
#....##### .?.#§ #...# #...


You could see a small abomination, a quasit and Foxy's ghost.

Vanquished Creatures
  A necrophage (D:4)
  A scorpion (D:4)
  A centaur zombie (D:4)
  A human zombie (D:4)
  An iguana (D:4)
  3 scorpion zombies (D:4)
  A hound zombie (D:4)
  2 mummies (D:4)
  4 adders
  3 adder zombies (D:4)
  A worm (D:2)
  A dart slug (D:2)
  7 orcs
  3 bats
  6 endoplasms
  A giant cockroach (D:3)
  11 goblins
  7 hobgoblins
  5 jackals
  4 kobolds
  3 quokkas
  5 ball pythons
  4 frilled lizards
  3 rats
79 creatures vanquished.

Notes
Turn   | Place    | Note
-------+----------+-------------------------------------------
     0 | D:1      | testman the Octopode Transmuter began the quest for the
                  | Orb.
     0 | D:1      | Reached XP level 1. HP: 13/13 MP: 3/3
   369 | D:1      | Reached XP level 2. HP: 16/18 MP: 3/5
   388 | D:1      | Learned a level 2 spell: Wereblood
   608 | D:1      | Found a faded altar of an unknown god.
   614 | D:1      | Prayed at the altar of an unknown god.
   614 | D:1      | Became a worshipper of the Wu Jian Council
   614 | D:1      | Reached * piety under Wu Jian
   870 | D:1      | Found Jainonwu's Magic Scroll Boutique.
   894 | D:1      | Bought a scroll of fear for 45 gold pieces
   987 | D:1      | Reached XP level 3. HP: 18/24 MP: 4/6
   991 | D:1      | Learned a level 3 spell: Spider Form
  1161 | D:2      | Found the +7 staff of the Meek {protect, meekguard}
  1213 | D:2      | Found Hin Jidwa's Book Boutique.
  1231 | D:2      | Found Wirriaka's Jewellery Shop.
  1236 | D:2      | Found Roames's Book Shop.
  1399 | D:2      | Reached skill level 1 in Poison Magic
  1531 | D:2      | Found Belukeux's Antique Weapon Shop.
  1660 | D:3      | Reached ** piety under Wu Jian
  1664 | D:3      | Reached XP level 4. HP: 7/29 MP: 4/7
  2670 | D:3      | Found a glowing golden altar of the Shining One.
  2815 | D:4      | Found a transporter.
  3035 | D:4      | Noticed an ancient zyme
  3037 | D:4      | Found a transporter.
  3039 | D:4      | Noticed a small abomination
  3070 | D:4      | Found a one-way gate to the infinite horrors of the Abyss.
  3070 | D:4      | Noticed Foxy's ghost (amateur TrNe)
  3097 | D:4      | Noticed a scorpion
  3106 | D:4      | Killed a scorpion
  3107 | D:4      | Reached XP level 5. HP: 28/34 MP: 6/8
  3560 | D:4      | Reached XP level 6. HP: 32/39 MP: 9/9
  3790 | D:4      | Found an ancient bone altar of Kikubaaqudgha.
  3985 | D:4      | Reached XP level 7. HP: 28/47 MP: 8/10
  4229 | D:4      | Slain by Foxy's ghost

Illustrated notes

Levels and vault maps discovered:
D:1:      ncdulo_watergridlock, layout_basic, serial_shops, shop,
          ebering_ecumenical_altar_mist, chequers_decorated_corner
D:2:      layout_rooms, serial_shops, nicolae_shop_advertising_works
          [nicolae_subvault_shop_adworks], nicolae_shop_statue_plus,
          nicolae_shop_statue_plus, shop, minmay_misc_feat_nine_boxes
D:3:      layout_basic, lemuel_coloured_pillars_altar, minivault_19
D:4:      layout_rooms, lemuel_mausoleum_altar_kikubaaqudgha,
          gammafunk_ghost_abyssal_escape

Skill      XL: |  1  2  3  4  5  6 |
---------------+-------------------+-----
Fighting       | 2 3 |  3.7
Poison Magic   | 2 3 4 |  4.0
Transmutations | 3 4 |  4.0
Unarmed Combat | 4 |  4.4
Dodging        | |  2.0
Spellcasting   | |  2.0

Action                   |  1- 3 |  4- 6 |  7- 9 || total
-------------------------+-------+-------+-------++-------
Melee: Unarmed           |    80 |   131 |     9 ||   220
       Kick              |    17 |    43 |     1 ||    61
       Tentacles         |    13 |    33 |     2 ||    48
       Constrict         |    20 |    31 |     1 ||    52
       Punch             |     1 |     4 |       ||     5
 Cast: Beastly Appendage |    15 |    19 |     2 ||    36
       Wereblood         |     2 |     4 |       ||     6
Invok: Lunge             |     7 |    19 |       ||    26
 Stab: Sleeping          |     6 |     6 |       ||    12
Armor: Skin              |    10 |     4 |       ||    14
Dodge: Dodged            |    55 |    67 |     5 ||   127

Table legend: (Time is in decaauts)
 A = Elapsed time spent in this place.
 B = Non-inter-level travel time spent in this place.
 C = Inter-level travel time spent in this place.
 D = Time resting spent in this place.
 E = Time spent auto-exploring this place.
 F = Levels seen in this place.
 G = Mean time per level.
                   A        B        C        D        E       F      G
               +--------+--------+--------+--------+--------+-----+--------+
         Total |   4216 |   4077 |    139 |    486 |   3031 |   4 | 1054.0 |
       Dungeon |   4216 |   4077 |    139 |    486 |   3031 |   4 | 1054.0 |
               +--------+--------+--------+--------+--------+-----+--------+

Top non-repeatable levels by time:
     D:4: 1442 daAuts
     D:3: 1182 daAuts
     D:1: 1159 daAuts
     D:2: 432 daAuts
